Map: King Sejong Station LE

Players

ELGOLDEN

  • Race: Protoss Protoss
  • League: Diamond

StatiC - Winner!

  • Race: Protoss Protoss
  • League: Master

VOD

https://www.youtube.com/channel/UCcSgNfDNxvyisU-eCj9xyNg/playlists

Description

Time

  • Played on: Aug. 27, 2016, 4:43 a.m.
  • Length: 10:48
Show
View Real Time Build Order
Export as new Build Order

ELGOLDEN Protoss 

Build Orders: Nexus First, Phoenix Opening 

Get SALT Encoding   

  12  0:01  Probe (Chrono Boost)  
  13  0:13  Probe (Chrono Boost)  
  14  0:19  Pylon  
  14  0:23  Probe (Chrono Boost)  
  15  0:37  Probe (Chrono Boost)  
  16  0:56  Nexus  
  16  1:07  Gateway  
  16  1:09  Probe (Chrono Boost)  
  17  1:14  Assimilator  
  17  1:19  Probe (Chrono Boost)  
  17  1:23  Assimilator  
  18  1:30  Probe (Chrono Boost)  
  19  1:40  Probe (Chrono Boost)  
  19  1:41  Pylon  
  20  1:51  Probe (Chrono Boost)  
  21  1:55  Cybernetics Core  
  21  2:01  Probe (Chrono Boost)  
  21  2:07  Gateway  
  22  2:10  Probe (Chrono Boost)  
  22  2:12  Probe (Chrono Boost)  
  24  2:22  Probe (Chrono Boost)  
  25  2:25  Probe (Chrono Boost)  
  26  2:30  Adept  
  26  2:32  Probe (Chrono Boost)  
  26  2:35  Mothership Core (Chrono Boost)  
  31  2:38  Pylon  
  31  2:46  Probe (Chrono Boost)  
  32  2:54  Probe (Chrono Boost)  
  32  2:57  Probe (Chrono Boost)  
  34  3:00  Stargate  
  34  3:04  Probe (Chrono Boost)  
  35  3:07  Probe (Chrono Boost)  
  35  3:08  Stalker  
  38  3:15  Stalker  
  39  3:36  Probe (Chrono Boost), Pylon  
  39  3:39  Stalker  
  42  3:42  Phoenix  
  44  3:50  Adept  
  44  3:52  Probe (Chrono Boost), Assimilator  
  44  3:54  Probe (Chrono Boost)  
  47  4:05  Probe (Chrono Boost)  
  47  4:06  Probe (Chrono Boost)  
  44  4:15  Probe (Chrono Boost)  
  44  4:16  Warp Gate  
  46  4:18  Probe (Chrono Boost)  
  46  4:19  Assimilator  
  46  4:23  Phoenix  
  46  4:26  Probe (Chrono Boost)  
  46  4:30  Probe (Chrono Boost)  
  50  4:33  Pylon  
  50  4:36  Probe (Chrono Boost)  
  51  4:42  Probe (Chrono Boost)  
  51  4:45  Phoenix  
  52  4:47  Probe (Chrono Boost)  
  55  4:54  Probe (Chrono Boost)  
  55  4:57  Probe (Chrono Boost)  
  57  5:06  Probe (Chrono Boost)  
  58  5:08  Probe (Chrono Boost)  
  58  5:11  Robotics Facility  
  59  5:18  Probe (Chrono Boost)  
  59  5:19  Probe (Chrono Boost)  
  61  5:23  Phoenix  
  63  5:29  Probe (Chrono Boost)  
  63  5:31  Probe (Chrono Boost)  
  63  5:32  Nexus  
  65  5:39  Probe (Chrono Boost)  
  67  5:43  Probe (Chrono Boost)  
  67  5:50  Probe (Chrono Boost)  
  67  5:55  Probe (Chrono Boost)  
  69  6:01  Probe (Chrono Boost)  
  70  6:06  Robotics Bay  
  70  6:09  Pylon  
  70  6:12  Pylon  
  70  6:16  Pylon  
  70  6:27  Probe (Chrono Boost), Observer  
  70  6:29  Probe (Chrono Boost)  
  73  6:38  Probe (Chrono Boost)  
  75  6:41  Probe (Chrono Boost)  
  75  6:44  Pylon  
  75  6:46  Probe (Chrono Boost)  
  74  6:48  Colossus, Stalker x2  
  74  6:50  Probe (Chrono Boost)  
  74  6:53  Probe (Chrono Boost)  
  74  6:54  Pylon  
  86  6:56  Robotics Facility  
  86  6:57  Probe (Chrono Boost)  
  86  7:01  Pylon  
  88  7:02  Probe (Chrono Boost)  
  88  7:03  Void Ray, Extended Thermal Lance  
  88  7:04  Pylon  
  88  7:05  Probe (Chrono Boost)  
  88  7:07  Forge  
  88  7:08  Probe (Chrono Boost)  
  94  7:13  Stalker  
  94  7:14  Probe (Chrono Boost), Stalker  
  99  7:35  Gateway x2  
  101  7:38  Probe x2 (Chrono Boost)  
  101  7:39  Gateway  
  101  7:41  Colossus  
  101  7:43  Colossus  
  107  7:44  Probe (Chrono Boost)  
  107  7:50  Probe (Chrono Boost)  
  114  7:55  Zealot x2  
  118  8:00  Pylon  
  118  8:08  Pylon x2  
  118  8:12  Pylon x2  
  118  8:18  Stalker  
  118  8:19  Stalker  
  122  8:21  Phoenix  
  124  8:34  Stalker x2  
  126  8:36  Zealot  
  126  8:37  Colossus  
  126  8:39  Stalker  
  126  8:40  Stalker  
  140  8:44  Warp Prism  
  141  9:01  Stalker x2  
  141  9:02  Stalker x3  
  135  9:26  Zealot x4  
  135  9:27  Zealot  
  145  9:38  Immortal  
  99  9:48  Stalker  
  99  9:49  Stalker x4  
  99  9:52  Colossus  
  93  10:11  Assimilator  
  91  10:15  Assimilator  
  91  10:17  Zealot x4  
  91  10:18  Zealot  
  91  10:20  Mothership Core (Chrono Boost)  
  105  10:36  Zealot x3  
Show
View Real Time Build Order
Export as new Build Order

StatiC Protoss - Winner!

Build Orders:  

Get SALT Encoding   

  12  0:01  Probe (Chrono Boost)  
  13  0:11  Probe (Chrono Boost)  
  14  0:19  Pylon  
  14  0:22  Probe (Chrono Boost)  
  15  0:37  Probe (Chrono Boost)  
  15  0:38  Gateway  
  16  0:47  Probe (Chrono Boost)  
  16  0:49  Assimilator  
  17  0:58  Probe (Chrono Boost)  
  17  0:59  Assimilator  
  18  1:08  Probe (Chrono Boost)  
  18  1:10  Gateway  
  19  1:19  Probe (Chrono Boost)  
  19  1:25  Cybernetics Core  
  20  1:30  Probe (Chrono Boost)  
  21  1:33  Pylon  
  21  1:40  Probe (Chrono Boost)  
  22  1:51  Probe (Chrono Boost)  
  23  1:59  Stalker  
  23  2:01  Stalker  
  24  2:02  Probe (Chrono Boost)  
  28  2:14  Probe (Chrono Boost)  
  29  2:16  Warp Gate  
  29  2:28  Probe (Chrono Boost)  
  30  2:31  Pylon  
  30  2:37  Nexus  
  30  2:42  Probe (Chrono Boost)  
  31  2:44  Assimilator  
  31  2:49  Adept  
  31  2:50  Adept  
  33  2:58  Probe (Chrono Boost)  
  36  3:02  Pylon  
  37  3:18  Mothership Core (Chrono Boost)  
  38  3:30  Pylon  
  38  3:37  Probe (Chrono Boost)  
  39  3:44  Robotics Facility  
  39  3:48  Probe (Chrono Boost)  
  40  3:54  Probe (Chrono Boost)  
  41  3:58  Probe (Chrono Boost)  
  44  4:08  Stalker x2  
  46  4:10  Probe (Chrono Boost)  
  46  4:13  Probe (Chrono Boost)  
  44  4:21  Twilight Council, Probe (Chrono Boost)  
  45  4:24  Probe (Chrono Boost)  
  45  4:28  Forge  
  46  4:31  Probe (Chrono Boost)  
  46  4:38  Probe (Chrono Boost)  
  48  4:41  Assimilator  
  48  4:44  Probe (Chrono Boost)  
  49  4:46  Observer  
  49  4:48  Probe (Chrono Boost)  
  49  4:52  Assimilator  
  51  4:53  Stalker  
  51  4:54  Stalker  
  51  4:55  Probe (Chrono Boost)  
  51  4:59  Probe (Chrono Boost)  
  57  5:05  Probe (Chrono Boost)  
  58  5:10  Probe (Chrono Boost)  
  59  5:16  Probe (Chrono Boost), Pylon  
  59  5:19  Blink  
  59  5:20  Probe (Chrono Boost)  
  61  5:24  Observer  
  61  5:26  Probe (Chrono Boost)  
  63  5:31  Probe (Chrono Boost)  
  63  5:32  Stalker  
  65  5:36  Stalker  
  65  5:37  Probe (Chrono Boost)  
  65  5:41  Probe (Chrono Boost), Pylon, Protoss Ground Weapons Level 1  
  69  5:43  Photon Cannon  
  68  5:51  Probe (Chrono Boost)  
  67  5:59  Nexus  
  67  6:00  Pylon  
  67  6:01  Probe (Chrono Boost)  
  68  6:04  Sentry  
  68  6:10  Pylon  
  70  6:11  Probe (Chrono Boost)  
  70  6:16  Templar Archives  
  70  6:17  Probe (Chrono Boost)  
  72  6:19  Gateway  
  72  6:25  Immortal  
  76  6:33  Gateway  
  76  6:34  Gateway  
  75  6:41  Probe (Chrono Boost)  
  76  6:48  Probe (Chrono Boost), Gateway x2  
  76  6:50  Sentry  
  76  6:52  Probe (Chrono Boost)  
  80  6:54  Pylon  
  80  6:59  Probe (Chrono Boost)  
  81  7:02  Probe (Chrono Boost)  
  81  7:06  Immortal  
  86  7:11  Probe (Chrono Boost)  
  86  7:14  High Templar x2  
  91  7:17  Probe (Chrono Boost)  
  92  7:23  Photon Cannon  
  92  7:24  Charge, Pylon  
  92  7:32  Protoss Ground Weapons Level 2  
  92  7:33  Zealot x2, Probe (Chrono Boost)  
  92  7:34  Probe (Chrono Boost)  
  98  7:39  Probe (Chrono Boost)  
  98  7:43  Probe (Chrono Boost)  
  100  7:46  Assimilator  
  100  7:48  Assimilator  
  101  7:52  Probe (Chrono Boost)  
  101  7:53  Immortal  
  101  7:57  Probe x2 (Chrono Boost)  
  107  8:01  Zealot x2  
  107  8:05  Photon Cannon  
  111  8:09  Probe (Chrono Boost)  
  111  8:10  Probe (Chrono Boost)  
  113  8:14  Probe (Chrono Boost)  
  113  8:16  Pylon  
  113  8:18  High Templar x2  
  118  8:21  Pylon  
  118  8:25  Archon  
  118  8:26  Zealot x3  
  118  8:27  Zealot  
  126  8:35  Immortal  
  130  8:43  Stalker  
  130  8:47  Probe (Chrono Boost)  
  133  8:53  High Templar x2, Zealot  
  133  8:54  Zealot x3  
  141  9:07  Archon  
  141  9:10  Archon  
  141  9:14  Immortal  
  141  9:16  Zealot  
  141  9:17  Zealot x3  
  141  9:22  Zealot  
  138  9:30  Zealot x2  
  137  9:35  Probe x2 (Chrono Boost)  
  137  9:37  Probe (Chrono Boost)  
  137  9:38  Zealot x3  
  124  9:46  Probe x2 (Chrono Boost)  
  124  9:49  Probe (Chrono Boost)  
  124  9:52  High Templar x3  
  131  9:53  High Templar, Immortal  
  131  9:56  Probe (Chrono Boost)  
  131  9:57  Archon, Assimilator  
  131  9:58  Archon  
  140  10:06  Probe (Chrono Boost)  
  139  10:07  Zealot  
  139  10:08  Zealot x2  
  139  10:13  Gateway  
  145  10:14  Gateway  
  145  10:15  Probe (Chrono Boost)  
  145  10:16  Gateway  
  146  10:25  Zealot  
  149  10:29  Probe (Chrono Boost)  
  149  10:36  Probe x2 (Chrono Boost)  
Tags
 
Add a new tag
Caveats
  • Supply blocks, unpowered buildings, or Contaminate may cause inaccurate times.
  • Supply counts are checked every 10 seconds.